 Dungeon Crawl Stone Soup version 0.20.1-1-g8b1a95d (webtiles) character file.

35 polve the Ruffian (level 3, 33/33 HPs)
             Began as a Troll Warper on July 12, 2017.
             Got out of the dungeon alive.
             The game lasted 00:01:34 (842 turns).

polve the Ruffian (Troll Warper)                     Turns: 842, Time: 00:01:34

Health: 33/33      AC:  5    Str: 19    XL:     3   Next: 16%
Magic:  3/3        EV: 10    Int:  9    God:
Gold:   48         SH:  0    Dex: 10    Spells: 2/4 levels left

rFire    . . .     SeeInvis .     - Unarmed
rCold    . . .     Gourm    +   (no shield)
rNeg     . . .     Faith    .   a - +0 robe
rPois    .         Spirit   .   (helmet restricted)
rElec    .         Reflect  .   (no cloak)
rCorr    .         Harm     .   (gloves unavailable)
MR       .....                  (boots unavailable)
Stlth    +.........             (no amulet)
Regen    0.6/turn               (no ring)
MPRegen  0.1/turn               (no ring)

@: no status effects
A: unfitting armour, claws 3, fast metabolism 3, gourmand, regeneration 1,
shaggy fur 1, tough skin 2
a: no special abilities


You escaped.
You were completely stuffed.

You visited 1 branch of the dungeon, and saw 1 of its levels.

You collected 48 gold pieces.

Inventory:

Missiles
 d - 5 tomahawks of dispersal (quivered)
Armour
 a - a +0 robe (worn)
Scrolls
 c - 2 scrolls of blinking
 g - a scroll of identify {unknown}
Potions
 e - a potion of heal wounds {unknown}
 h - a potion of berserk rage {unknown}
 i - a potion of agility {unknown}
Books
 b - a book of Spatial Translocations

   Spells                             Type                      Level
   a - Blink                          Translocation                2
   b - Shroud of Golubria             Charms/Translocation         2
   c - Lesser Beckoning               Translocation                3
   d - Gell's Gravitas                Translocation                3
   e - Teleport Other                 Translocation                3
   f - Passage of Golubria            Translocation                4
Comestibles
 f - 3 bread rations
 j - 2 chunks of flesh


   Skills:
 - Level 1.5 Fighting
 - Level 0.8 Throwing
 - Level 1.9 Dodging
 + Level 3.6 Unarmed Combat
 - Level 1.2 Spellcasting
 - Level 2.1 Translocations


You had 2 spell levels left.
You knew the following spells:

 Your Spells              Type           Power        Failure   Level  Hunger
a - Blink                 Tloc           N/A          22%         2    ###....


Dungeon Overview and Level Annotations

Branches:
Dungeon (1/15)

Altars:
Xom

Annotations:
D:1 1 runed door


Innate Abilities, Weirdness & Mutations

You are too large for most types of armour.
You have claws for hands.
Your metabolism is lightning-fast.
You like to eat raw meat.
Your natural rate of healing is unusually fast.
You are covered in fur. (AC +1)
You have very tough skin. (AC +2)


Message History

You scratch the hobgoblin.
You kill the hobgoblin!
No target in view!
No target in view!
No target in view!
No target in view!
No target in view!
No target in view!
(D) Dungeon
Where to? (? - help)
What level of the Dungeon? (default 1, ? - help)
The ooze quivers.
The jackal barks!
The giant cockroach waves its antennae.
There is an open door here.
The jackal barks!
The ooze quivers.
There is a staircase leading out of the dungeon here.
Are you sure you want to leave the Dungeon?
This will make you lose the game!
You have escaped!

..........................#
#######..###############..#
# #..#.............#..# ##
#..#.J.J....r.sh.#..# .#
#..#..s...whhJshJ#..# .#
#..#######+#######..# .##
#..#.............#..# ..#
##.'⌠÷...###....⌠'.)# #.#
#.#......@......#..# #.#
#.#..⌠...>...⌠..#..# #.##
#.###'#######+###..# #..#
#............ ...# ##.##
#............ ...# ....#
#.########### ##### ###.##
#.# #..# #.# ##.###.#
######


You could see an ooze and a jackal.

Vanquished Creatures
  2 oozes (D:1)
  A leopard gecko (D:1)
  3 bats (D:1)
  2 giant cockroaches (D:1)
  2 goblins (D:1)
  7 hobgoblins (D:1)
  A frilled lizard (D:1)
  A kobold (D:1)
  4 rats (D:1)
23 creatures vanquished.

Notes
Turn   | Place    | Note
-------+----------+-------------------------------------------
     0 | D:1      | polve the Troll Warper began the quest for the Orb.
     0 | D:1      | Reached XP level 1. HP: 19/19 MP: 1/1
     2 | D:1      | Found a runed door.
    72 | D:1      | Reached XP level 2. HP: 27/27 MP: 2/2
   147 | D:1      | Reached skill level 3 in Unarmed Combat
   151 | D:1      | Learned a level 2 spell: Blink
   295 | D:1      | Found a shimmering altar of Xom.
   726 | D:1      | Reached XP level 3. HP: 33/33 MP: 3/3
   842 | D:$      | Got out of the dungeon alive.

Skill      XL: |  1  2 |
---------------+-------+-----
Unarmed Combat | 3 |  3.6
Fighting       | |  1.5
Throwing       | |  0.8
Dodging        | |  1.9
Spellcasting   | |  1.2
Translocations | |  2.1

Action                   || total
-------------------------++-------
Melee: Unarmed           ||    46
  Eat: Chunk             ||    13
Armor: Robe              ||    16
Dodge: Dodged            ||    28
